 Dungeon Crawl Stone Soup version 0.31-a0-185-g9dded2c639 (webtiles) character file.

Game seed: 7874029232950645413

102 qw the Shooter (level 4, -1/25 HPs)
             Began as a Deep Elf Hunter on June 22, 2023.
             Slain by an ice beast (14 damage)
             ... on level 3 of the Dungeon.
             The game lasted 00:00:45 (1544 turns).

qw the Shooter (Deep Elf Hunter)                    Turns: 1544, Time: 00:00:46

Health: -1/25      AC:  6    Str: 16    XL:     4   Next: 50%
Magic:  6/6        EV: 10    Int: 14    God:
Gold:   119        SH:  0    Dex: 18    Spells: 3/3 levels left

rFire   + . .        Y - +0 shortbow
rCold   . . .        (shield currently unavailable)
rNeg    . . .        d - +0 scale mail
rPois   .            (no helmet)
rElec   .            (no cloak)
rCorr   .            (no gloves)
SInv    .            (no boots)
Will    .....        (no amulet)
Stlth   +            i - ring of protection from fire
HPRegen 0.24/turn    b - +6 ring of strength
MPRegen 0.10/turn

%: no passive effects
@: no status effects
A: no striking features
a: no special abilities


You were on level 3 of the Dungeon.
You visited 1 branch of the dungeon, and saw 3 of its levels.

You collected 119 gold pieces.


   Skills:
 - Level 1.5 Fighting
 + Level 7.9 Ranged Weapons
 - Level 2.4 Dodging
 - Level 1.2 Stealth


You had 3 spell levels left.
You didn't know any spells.
Your spell library was empty.

Inventory:

Hand Weapons
 Y - a +0 shortbow (weapon)
Armour
 d - a +0 scale mail (worn)
Jewellery
 b - a +6 ring of strength (right hand)
 g - an amulet of magic regeneration
 i - a ring of protection from fire (left hand)
Scrolls
 a - 2 scrolls of identify
 c - a scroll of fear {unknown}
Potions
 e - a potion of lignification {unknown}
 f - a potion of brilliance {unknown}
 h - a potion of haste {unknown}

Dungeon Overview and Level Annotations

Branches:
Dungeon (3/15)

Altars:


Message History

You shoot an arrow. The arrow hits the hobgoblin!
You kill the hobgoblin!
You start resting.
HP restored.
g - an amulet of magic regeneration
Enter note:
Enter note:
Found a dagger.
Enter note:
Enter note: An ice beast comes into view.
You see here a scarf of invisibility.
Enter note:
Enter note: You shoot an arrow.
The arrow hits the ice beast but does no damage.
You shoot an arrow. The arrow closely misses the ice beast.
You shoot an arrow. The arrow barely misses the ice beast.
You shoot an arrow. The arrow hits the ice beast.
The ice beast is lightly wounded.
You shoot an arrow. The arrow closely misses the ice beast.
The ice beast hits you but does no damage.
You shoot an arrow. The arrow hits the ice beast!
The ice beast is heavily wounded.
The ice beast barely misses you.
You shoot an arrow. The arrow closely misses the ice beast.
The ice beast barely misses you.
You shoot an arrow. The arrow hits the ice beast.
The ice beast is heavily wounded.
The ice beast hits you but does no damage.
The ice beast hits you. The ice beast freezes you!
You shoot an arrow. The arrow barely misses the ice beast.
The ice beast closely misses you.
You shoot an arrow. The arrow barely misses the ice beast.
The ice beast hits you but does no damage.
You shoot an arrow. The arrow hits the ice beast.
The ice beast is heavily wounded.
The ice beast hits you. The ice beast freezes you!
Ouch! That really hurt!
You die...

####################
#...........@Y......
#..#..#..#..#..#..#.
#.............)...
#.%...#..#..#..#..#
#.#.................
#.##################
#.# ##.# #..#


You could see an ice beast.

Vanquished Creatures
  Jessica (D:3)
  3 adders
  A worm (D:2)
  A dart slug (D:1)
  8 ball pythons
  2 bats
  3 endoplasms
  A giant cockroach (D:1)
  6 goblins
  5 hobgoblins
  3 jackals (D:1)
  2 kobolds
  2 quokkas
  2 frilled lizards (D:1)
  3 rats
43 creatures vanquished.

Notes
Turn   | Place    | Note
-------+----------+-------------------------------------------
     0 | D:1      | qw the Deep Elf Hunter began the quest for the Orb.
     0 | D:1      | Reached XP level 1. HP: 12/12 MP: 3/3
     0 | D:1      | 0 ||| qw: Version: 0.3-a-9-g12657ce
     0 | D:1      | 0 ||| qw: Game counter: 1685
     0 | D:1      | 0 ||| qw: Always use a shield: true
     0 | D:1      | 0 ||| qw: God list: Okawaru
     0 | D:1      | 0 ||| qw: Allow faded altars: false
     0 | D:1      | 0 ||| qw: Do Orc after D:15 true
     0 | D:1      | 0 ||| qw: Do second Lair branch before Depths: true
     0 | D:1      | 0 ||| qw: Lair rune preference: random
     0 | D:1      | 0 ||| qw: Plans: Normal
     0 | D:1      | 0 ||| PLANNING D:1-11
    91 | D:1      | Reached skill level 6 in Ranged Weapons
    91 | D:1      | Reached XP level 2. HP: 16/16 MP: 4/4
   367 | D:1      | 367 ||| UPGRADING to +0 scale mail.
   377 | D:1      | 377 ||| DROPPING +0 leather armour.
   378 | D:1      | 378 ||| UPGRADING to ring of protection from fire.
   379 | D:1      | 379 ||| READING 2 scrolls labelled VUANGAIVVU.
   380 | D:1      | 380 ||| DRINKING 2 sapphire potions.
   385 | D:1      | 385 ||| DROPPING scroll of butterflies.
   386 | D:1      | 386 ||| DROPPING potion of ambrosia.
   412 | D:2      | Reached XP level 3. HP: 13/20 MP: 5/5
   465 | D:2      | Reached skill level 7 in Ranged Weapons
   773 | D:2      | Found a faded altar of an unknown god.
   775 | D:2      | 775 ||| UPGRADING to +6 ring of strength.
   776 | D:2      | 776 ||| READING scroll labelled NUHITA JOURR.
  1215 | D:2      | 1215 ||| DROPPING +6 ring of intelligence.
  1275 | D:3      | Noticed Jessica
  1283 | D:3      | Killed Jessica
  1284 | D:3      | Reached XP level 4. HP: 17/25 MP: 6/6
  1533 | D:3      | Noticed an ice beast
  1544 | D:3      | Slain by an ice beast

Levels and vault maps discovered:
D:1:      sevenhm_arrival_forest_fort_small_3, layout_rooms, serial_park_tiny_1,
          minmay_pentomino_u4
D:2:      layout_basic, hellmonk_ecumenical_altar_inner_sanctum
D:3:      layout_basic, solitary_fountain, columned_hall_lemuel,
          serial_bayou_pond_d, nrook_mini_vaults, uniq_sigmund, uniq_jessica,
          uniq_ijyb

Skill      XL: |  1  2  3 |
---------------+----------+-----
Ranged Weapons | 6 7 |  7.9
Fighting       | |  1.5
Dodging        | |  2.4
Stealth        | |  1.2

Action                     |  1- 3 |  4- 6 || total
---------------------------+-------+-------++-------
   Fire: Shortbow          |   146 |    28 ||   174
    Use: Scroll            |     2 |       ||     2
         Potion            |     1 |       ||     1
 Armour: Scale mail        |    19 |     5 ||    24
         Leather armour    |     2 |       ||     2
  Dodge: Dodged            |    37 |     6 ||    43

Table legend:
 A = Non-vault XP
 B = Vault XP
 C = Vault XP percentage of total XP
 D = Non-vault monster count
 E = Vault monster count
 F = Vault count percentage of total count
                 A         B        C        D         E       F
            +---------+---------+-------+---------+---------+-------
      Total |     102 |      45 |  30.6 |      38 |       5 |  11.6
            +---------+---------+-------+---------+---------+-------
        D:1 |      29 |       8 |  21.6 |      17 |       4 |  19.0
        D:2 |      54 |       0 |   0.0 |      16 |       0 |   0.0
        D:3 |      19 |      37 |  66.1 |       5 |       1 |  16.7
            +---------+---------+-------+---------+---------+-------
